 Dungeon Crawl Stone Soup version 0.22-a0-192-g6ffc940 (webtiles) character file.

14 4thArraOfDagon the Sneak (level 2, -4/12 HPs)
             Began as a Felid Wanderer on Feb 16, 2018.
             Shot with a stone by a goblin (6 damage)
             ... on level 2 of the Dungeon.
             The game lasted 00:02:13 (311 turns).

4thArraOfDagon the Sneak (Felid Wanderer)            Turns: 311, Time: 00:02:14

Health: -4/12      AC:  1    Str:  7    XL:     2   Next: 31%
Magic:  1/4        EV: 16    Int: 14    God:
Gold:   31         SH:  2    Dex: 15    Spells: 2/3 levels left
                                        Lives:  0   Deaths: 0

rFire    . . .     SeeInvis +     - Unarmed
rCold    . . .     Gourm    .   (shield unavailable)
rNeg     . . .     Faith    .   (armour unavailable)
rPois    .         Spirit   .   (helmet unavailable)
rElec    .         Reflect  +   (cloak unavailable)
rCorr    .         Harm     .   (gloves unavailable)
MR       .....                  (boots unavailable)
Stlth    +++.......             g - +2 amulet of reflection
HPRegen  0.04/turn              (no ring)
MPRegen  0.09/turn              (no ring)

@: quick
A: very small, no armour, no weapons or thrown items, stealth, claws 1, fangs 3,
see invisible, carnivore, speed 1, shaggy fur 1, slow metabolism 1, sharp paws
a: no special abilities


You were on level 2 of the Dungeon.
You were very full.

You visited 1 branch of the dungeon, and saw 2 of its levels.

You collected 31 gold pieces.

Inventory:

Jewellery
 g - a +2 amulet of reflection (around neck)
Scrolls
 e - a scroll of blinking {unknown}
 f - a scroll of remove curse {unknown}
Potions
 b - a potion of curing
 c - a potion of lignification
Books
 a - a book of Flames

   Spells                             Type                      Level
   a - Flame Tongue                   Conjuration/Fire             1
   b - Throw Flame                    Conjuration/Fire             2
   c - Conjure Flame                  Conjuration/Fire             3
   d - Inner Flame                    Hexes/Fire                   3
   e - Sticky Flame                   Conjuration/Fire             4
   f - Fireball                       Conjuration/Fire             5
Comestibles
 d - 2 rations


   Skills:
 - Level 1.0 Fighting
 - Level 1.3 Dodging
 - Level 4.0 Stealth
 - Level 2.0 Unarmed Combat
 - Level 1.0 Spellcasting
 * Level 1.1 Conjurations
 * Level 2.3 Fire Magic


You had 2 spell levels left.
You knew the following spells:

 Your Spells              Type           Power        Failure   Level  Hunger
a - Flame Tongue          Conj/Fire      #....        13%         1    ##.....


Dungeon Overview and Level Annotations

Branches:
Dungeon (2/15)

Altars:


Innate Abilities, Weirdness & Mutations

You cannot wear armour.
You are incapable of wielding weapons or throwing items.
Your paws allow you to move quietly. (Stealth)
You have sharp claws.
You have razor-sharp teeth.
You have supernaturally acute eyesight. (SInv)
You are carnivorous and can eat meat at any time.
You cover ground quickly.
You are covered in fur. (AC +1)
You have a slow metabolism.
Your sharp claws are effective at attacking unaware monsters.


Message History

Press: ? - help, Shift-Dir - straight line, f/p - hobgoblin
Aim: a hobgoblin (severely wounded)
The flame tongue hits the hobgoblin.
The hobgoblin is almost dead.
The goblin shouts!
The goblin unwields an uncursed club.
The goblin wields a hunting sling.
The goblin shoots a stone.
The stone misses you.
Unknown command.
Unknown command.
You see here a cloak.
You scratch the hobgoblin.
You kill the hobgoblin!
Unknown command.
Unknown command.
Your magical contamination has completely faded away.
Unknown command.
Unknown command.
The goblin shoots a stone.
The stone hits you.
Ouch! That really hurt!
You die...

###.# #...# #.#g#
#.#.#.# #.#.#.# #.#[#.#
#.#.#.# ### #.#.#.# ..#
#.#g#@#######
##.####.#>.........
.............%....
#######.####.#.#.#######
......#.####.#.#.#
##...........#.#.#
##..###.#........#
##....#.#.$......##
##.##.#.#............


You could see a goblin.

Vanquished Creatures
  2 dart slugs (D:1)
  A giant cockroach (D:1)
  A goblin (D:1)
  A hobgoblin (D:2)
  A ball python (D:1)
  2 bats (D:1)
  3 rats (D:1)
11 creatures vanquished.

Notes
Turn   | Place    | Note
-------+----------+-------------------------------------------
     0 | D:1      | 4thArraOfDagon the Felid Wanderer began the quest for the Orb.
     0 | D:1      | 4thArraOfDagon set off with: a book of Flames, a potion of curing, a potion of lignification, a ration
     0 | D:1      | Reached XP level 1. HP: 9/9 MP: 3/3
     2 | D:1      | Learned a level 1 spell: Flame Tongue
   138 | D:1      | Reached skill level 1 in Conjurations
   138 | D:1      | Reached XP level 2. HP: 8/12 MP: 2/4
   311 | D:2      | Shot with a stone by a goblin

Vault maps used:
D:1:      dpeg_arrival_rooms_c
D:2:      nicolae_dithmenos_through_a_glass_darkly,
          nicolae_overflow_hidden_temple, first_ration

Skill      XL: |  1 |
---------------+----+-----
Fire Magic     | 2 |  2.3
Conjurations   | 1 |  1.1
Fighting       | |  1.0
Dodging        | |  1.3
Stealth        | |  4.0
Unarmed Combat | |  2.0
Spellcasting   | |  1.0

Action                   || total
-------------------------++-------
Melee: Unarmed           ||    24
       Bite              ||     1
 Cast: Flame Tongue      ||    12
 Stab: Sleeping          ||     3
  Eat: Chunk             ||     5
Armor: Skin              ||     4
Dodge: Dodged            ||    25

Table legend:
 A = Spawn XP
 B = Non-spawn XP
 C = Spawn XP percentage of total XP
 D = Spawn monster count
 E = Non-spawn monster count
 F = Spawn count percentage of total count
 G = Total turns spent on level
                    A         B        C        D         E        F      G
               +---------+---------+-------+---------+---------+-------+---------
         Total |       0 |      21 |   0.0 |       0 |      11 |   0.0 |   311
               +---------+---------+-------+---------+---------+-------+---------
           D:1 |       0 |      19 |   0.0 |       0 |      10 |   0.0 |   203
           D:2 |       0 |       2 |   0.0 |       0 |       1 |   0.0 |   108
               +---------+---------+-------+---------+---------+-------+---------
